 Dungeon Crawl Stone Soup version 0.24.0-123-gd5b16e6ec5 (webtiles) character file.

Game seed: 2971840956899504852, levelgen mode: deterministic

88 Hylith the Shield-Bearer (level 4, 0/29 HPs)
             Began as a Gargoyle Fighter on Dec 18, 2019.
             Slain by Natasha (2 damage)
             ... on level 2 of the Dungeon.
             The game lasted 00:02:35 (1390 turns).

Hylith the Shield-Bearer (Gargoyle Fighter)         Turns: 1390, Time: 00:02:35

Health: 0/29       AC: 13    Str: 21    XL:     4   Next: 54%
Magic:  4/4        EV:  5    Int:  8    God:
Gold:   126        SH:  9    Dex:  9    Spells: 3/3 levels left

rFire    . . .     SeeInvis .   a - +0 flail
rCold    . . .     Gourm    .   c - +0 shield
rNeg     + . .     Faith    .   j - +0 chain mail
rPois    ∞         Spirit   .   (no helmet)
rElec    +         Reflect  .   (no cloak)
rCorr    .         Harm     .   (no gloves)
MR       .....                  (no boots)
Stlth    ..........             (no amulet)
HPRegen  0.09/turn              (no ring)
MPRegen  0.09/turn              (no ring)

@: slowed, very slow
A: negative energy resistance 1, electricity resistance, unbreathing,
petrification resistance, rot immunity, AC +3
a: no special abilities


You were on level 2 of the Dungeon.
You were not hungry.

You visited 1 branch of the dungeon, and saw 2 of its levels.

You collected 126 gold pieces.

Inventory:

Hand Weapons
 a - a +0 flail (weapon)
Armour
 c - a +0 shield (worn)
 j - a +0 chain mail (worn)
Scrolls
 b - a scroll of random uselessness {unknown}
 e - 4 scrolls of identify {unknown}
 h - 4 scrolls of teleportation {unknown}
 l - 4 scrolls of amnesia {unknown}
Potions
 d - a potion of might
 g - a potion of flight {unknown}
 i - 2 potions of curing {unknown}
 k - 2 potions of cancellation {unknown}
 m - a potion of brilliance {unknown}
 n - a potion of degeneration {unknown}
Comestibles
 f - 9 rations
 o - a chunk of flesh


   Skills:
 + Level 4.0 Fighting
 + Level 2.8 Maces & Flails
 - Level 4.0 Armour
 + Level 4.0 Shields


You had 3 spell levels left.
You didn't know any spells.
Your spell library was empty.

Dungeon Overview and Level Annotations

Branches:
Dungeon (2/15)

Altars:

Annotations:
D:2 Natasha


Innate Abilities, Weirdness & Mutations

You are resistant to torment.
Your stone body is resilient. (AC +3)
You are immune to poison.
You resist negative energy. (rN+)
You are resistant to electric shocks. (rElec)
You can survive without breathing.
You are immune to petrification.
You are immune to rotting.


Message History

Natasha claws you.
* * * LOW HITPOINT WARNING * * *
The iron imp hits you but does no damage.
You block Natasha's attack.
The iron imp hits you but does no damage.
You closely miss Natasha.
Natasha is severely wounded.
Natasha barely misses you. You block Natasha's attack.
The iron imp shouts, "Embrace thy fall, thou unhinged spleeny reprobate!"
The iron imp hits you.
* * * LOW HITPOINT WARNING * * *
You hit Natasha but do no damage.
Natasha is severely wounded.
Natasha mumbles some strange words.
Natasha's front paws start to glow.
Natasha casts a spell at you.
The magic dart hits you but does no damage.
The iron imp lashes its tail.
You block the iron imp's attack. Natasha claws you.
You die...

...........'
.#........#
..... .##.....#
... .##.....#
... ....÷...#
... ####...##
#5# ##)## #5#
#.##########h#
#.#........#@##
#......###.5..#
###.##.#
#.....# #.##.#
#....## #.##.#
#.#.## #.##..
.....
#.######.####
#.# #.# #.. ..#


You could see an iron imp, Natasha, a crimson imp and a white imp.

Vanquished Creatures
  3 adders (D:2)
  2 oozes (D:2)
  A worm (D:2)
  A dart slug (D:2)
  2 leopard geckos (D:1)
  3 bats (D:1)
  2 giant cockroaches (D:1)
  5 goblins (D:1)
  5 hobgoblins
  4 jackals (D:1)
  8 kobolds
  2 ball pythons (D:1)
  A frilled lizard (D:1)
  7 rats
46 creatures vanquished.

Notes
Turn   | Place    | Note
-------+----------+-------------------------------------------
     0 | D:1      | Hylith the Gargoyle Fighter began the quest for the Orb.
     0 | D:1      | Reached XP level 1. HP: 14/14 MP: 1/1
   117 | D:1      | Reached XP level 2. HP: 19/19 MP: 2/2
   384 | D:1      | Reached XP level 3. HP: 19/23 MP: 3/3
  1134 | D:2      | Reached XP level 4. HP: 26/29 MP: 4/4
  1364 | D:2      | Noticed Natasha
  1390 | D:2      | Slain by Natasha

Levels and vault maps discovered:
D:1:      dpeg_arrival_prison, layout_loops_ring, kennysheep_small_spiral,
          minmay_vboxes
D:2:      layout_loops_corners, chequers_serial_rivers_micro_c, uniq_natasha

Skill      XL: |  1  2  3  4 |
---------------+-------------+-----
Shields        | 4 |  4.0
Fighting       | 4 |  4.0
Armour         | 4 |  4.0
Maces & Flails | |  2.8

Action                   |  1- 3 |  4- 6 || total
-------------------------+-------+-------++-------
Melee: Flail             |   171 |    68 ||   239
  Eat: Chunk             |     1 |     1 ||     2
Armor: Scale mail        |    61 |       ||    61
       Chain mail        |    52 |    45 ||    97
Dodge: Dodged            |    61 |    13 ||    74
Block: Shield            |   109 |    39 ||   148
